AoeStats
← OTHMAN_21

Arena

511309653Analyzed
4v4 RM · 15d ago on Oct 4, 2026· 42m 26s· 8 players
Game mode
Random Map
Map size
Large (8 player)
Population
200
Speed
Normal
Resources
Standard
Victory
Conquest
Starting age
Dark Age
Ending age
Imperial Age
RankedLock teamsTeams togetherTeam positionsShared explorationLock speedFull tech treeHidden civsTurbo modeCheats
Victory
Defeat
🇦🇹 Malay · Austria
1313
+11
🇦🇹 Teutons · Austria
1270
+13
🇫🇷 Portuguese · France
1234
+14
🇩🇪 Romans · Germany
1233
+14
vs
🇨🇳 Danes · China
1232
-15
🇹🇼 Persians · Taiwan
1197
-13
🇨🇳 Koreans · China
1178
-12
🇹🇼 Poles · Taiwan
1173
-12
ZiGZAG
6:33 Loom
8:49 Feudal Age
11:51 Padded Archer Armor
11:46 Fletching
15:06 Double-Bit Axe
23:00 Castle Age
21:03 Horse Collar
28:46 Town Watch
29:22 Bow Saw
31:32 Wheelbarrow
33:04 Hand Cart
33:10 Heavy Plow
34:03 Forging
33:59 Scale Barding Armor
35:21 Bloodlines
37:52 Imperial Age
36:23 Gold Mining
36:23 Stone Mining
38:39 Iron Casting
38:42 Chain Barding Armor
37:53 Cavalier
41:07 Plate Barding Armor
OTHMAN_21
10:31 Feudal Age
15:16 Castle Age
13:43 Double-Bit Axe
17:45 Horse Collar
23:48 Loom
24:16 Heavy Plow
24:50 Bow Saw
27:55 Wheelbarrow
27:05 Town Watch
31:22 Imperial Age
28:58 Padded Archer Armor
28:49 Fletching
29:41 Hand Cart
29:49 Town Patrol
30:09 Forging
30:20 Ballistas
31:21 Leather Archer Armor
31:02 Bodkin Arrow
31:42 Iron Casting
33:21 Chemistry
32:17 Heavy Scorpion
33:34 Ring Archer Armor
35:23 Crop Rotation
36:08 Blast Furnace
36:07 Ballistics
38:07 Scale Barding Armor
40:18 Bloodlines
39:29 Light Cavalry
41:31 Chain Barding Armor
『21』〆HEMOO
12:02 Feudal Age
16:57 Castle Age
14:55 Double-Bit Axe
15:39 Horse Collar
15:55 Gold Mining
17:26 Forging
19:12 Iron Casting
35:31 Heavy Plow
35:44 Bow Saw
35:22 Loom
36:13 Wheelbarrow
37:07 Town Watch
38:43 Hand Cart
43:09 Imperial Age
43:05 Crop Rotation
42:38 Town Patrol
43:02 Thumb Ring
LOtarieHumaniste
10:19 Feudal Age
14:01 Castle Age
12:08 Double-Bit Axe
12:41 Horse Collar
15:14 Bow Saw
20:21 Heavy Plow
21:17 Wheelbarrow
24:58 Loom
25:43 Hand Cart
25:19 Gold Mining
25:20 Stone Mining
28:02 Imperial Age
25:57 Scale Mail Armor
26:53 Town Watch
27:24 Chain Mail Armor
27:20 Forging
26:49 Pikeman
29:46 Chemistry
29:07 Conscription
28:10 Halberdier
29:22 Plate Mail Armor
29:52 Two-Man Saw
30:29 Two-Man Saw
30:15 Iron Casting
30:32 Fervor
32:35 Blast Furnace
31:36 Padded Archer Armor
31:26 Fletching
33:57 Arquebus
35:15 Stone Shaft Mining
34:57 Leather Archer Armor
35:33 Fortified Wall
35:34 Masonry
35:29 Siege Engineers
35:40 Elite Organ Gun
36:59 Ring Archer Armor
36:20 Fletching
38:20 Architecture
37:30 Treadmill Crane
38:11 Ballistics
39:35 Bodkin Arrow
41:12 Bracer
taj
10:06 Feudal Age
14:11 Castle Age
12:22 Double-Bit Axe
12:19 Horse Collar
18:29 Bow Saw
23:34 Heavy Plow
26:12 Wheelbarrow
29:11 Imperial Age
27:37 Husbandry
27:47 Bloodlines
27:57 Forging
27:59 Scale Barding Armor
28:22 Gold Mining
29:30 Cavalier
31:18 Savar
32:35 Chain Barding Armor
32:48 Conscription
32:23 Elite Skirmisher
34:16 Fletching
34:26 Padded Archer Armor
35:03 Iron Casting
35:28 Plate Barding Armor
35:03 Bodkin Arrow
36:00 Leather Archer Armor
38:44 Blast Furnace
41:17 Ring Archer Armor
电风扇
10:21 Feudal Age
14:12 Castle Age
12:15 Double-Bit Axe
14:44 Horse Collar
21:59 Fervor
23:58 Wheelbarrow
24:22 Bow Saw
25:17 Scale Mail Armor
25:27 Forging
25:33 Hand Cart
25:04 Loom
24:43 Man-at-Arms
25:33 Long Swordsman
26:15 Squires
27:52 Iron Casting
27:32 Chain Mail Armor
27:52 Iron Casting
28:12 Chain Mail Armor
29:22 Fletching
30:31 Bodkin Arrow
31:02 Heavy Plow
31:08 Gold Mining
31:09 Stone Mining
31:11 Arson
32:36 Eupseong
35:09 Imperial Age
34:32 Coinage
34:53 Gold Shaft Mining
34:53 Stone Shaft Mining
33:55 Pikeman
35:04 Ballistics
34:58 Treadmill Crane
35:14 Murder Holes
35:29 Masonry
36:14 Conscription
36:54 Two-Man Saw
35:57 Bracer
36:58 Chemistry
36:30 Plate Mail Armor
35:29 Halberdier
35:37 Heavy Rocket Cart
35:59 Two-Handed Swordsman
37:35 Siege Engineers
38:55 Architecture
38:10 Arrowslits
38:28 Eupseong
39:08 Shinkichon
39:50 Fortified Wall
40:28 Banking
40:12 Champion
北賢龍
3:21 Loom
11:37 Feudal Age
15:20 Castle Age
13:51 Double-Bit Axe
13:50 Horse Collar
15:05 Stone Mining
16:43 Stone Shaft Mining
17:08 Bow Saw
18:16 Heavy Plow
20:50 Wheelbarrow
Lumberjack
9:12 Feudal Age
13:22 Castle Age
14:13 Loom
22:17 Double-Bit Axe
26:45 Wheelbarrow
27:08 Horse Collar
28:40 Bow Saw
29:18 Heavy Plow
31:15 Hand Cart
37:07 Imperial Age
36:08 Scale Mail Armor
36:18 Forging
36:36 Ballistics
37:20 Onager
37:35 Elite Varangian Guard
38:16 Squires
38:02 Arson
38:34 Chain Mail Armor
38:35 Siege Engineers
39:31 Chemistry
39:31 Siege Onager
41:43 Siege Onager
Connection lost

Rejoining the realm…

Still unreachable

The connection could not be restored.

Session expired

The server has moved on; the page needs a fresh start.